[Event "Amsterdam Chess Open 2024"]
[Site "Amsterdam"]
[Date "2024.11.01"]
[Round "1.1"]
[White "Vroombout, Enrico"]
[Black "Van den Doel, Erik"]
[Result "0-1"]
[ECO "C88"]
[WhiteElo "2086"]
[BlackElo "2557"]
[Annotator "TA"]
[PlyCount "58"]
[EventDate "2024.10.31"]
[EventType "swiss"]
[EventCountry "NED"]
[SourceTitle "playchess.com"]
[Source "ChessBase"]
[SourceQuality "1"]
[TimeControl "5400+30"]

1. e4 e5 2. Nf3 Nc6 3. Bb5 a6 4. Ba4 Nf6 5. O-O Be7 6. Re1 b5 7. Bb3 O-O 8. a4 Bb7 9. d3 d6 10. Bd2 b4 11. a5 Kh8 12. c3 Rb8 13. d4 {[%emt 0:15:03] White is slightly better.} bxc3 14. bxc3 (14. Bxc3 Nxd4 15. Nxd4 exd4 16. Bxd4 c5 $17 (16... Bxe4 $2 17. Bxf6 Bxf6 18. Rxe4 $18) (16... Nxe4 17. Nc3 $15)) 14... exd4 15. cxd4 d5 16. e5 Ne4 17. Nc3 Nb4 18. Nxe4 dxe4 19. Ng5 Bxg5 (19... Bd5 $11 {keeps the balance.} 20. Nxe4 Bxb3 21. Qxb3 Qxd4) 20. Bxb4 $16 Be7 21. Bc3 (21. Bxe7 $14 Qxe7 22. Rc1) 21... Bd5 $11 22. Bc2 f5 23. exf6 Bxf6 24. Bxe4 c5 25. Bd3 (25. dxc5 $2 {is the wrong capture.} Bxc3 26. Qxd5 Qf6 $19) (25. h3 {simplifies} Bxe4 26. Rxe4 Qd7 27. Qd3) 25... Rb3 26. Qh5 {[%emt 0:04:14] [#]} Bg8 $1 $17 27. Rac1 (27. Qxc5 $17 {nothing else works.} Rxc3 28. Qxc3 Bxd4 29. Qa3 Rxf2 (29... Bxa1 30. Rxa1 Qd4 31. Rf1 $14) 30. Kh1 Bxa1 31. Rxa1) 27... cxd4 $19 {[%emt 0:01:45] Black is clearly winning.} 28. Red1 (28. Bb4 $142 Rxb4 29. Rc6) 28... Rxc3 29. Bxh7 Bxh7 {[%emt 0:00:12] Weighted Error Value: White=1.12/Black=0.25 (precise) .  Loses game:     	White=1     	---        Mistake:       	White=3     	Black=1      Inaccurate:     	White=3     	Black=1      OK:         	White=6     	Black=7      Best:        	White=1     	Black=2      Strong:       	---       	Black=1} 0-1

[Event "Amsterdam Chess Open 2024"]
[Site "Amsterdam"]
[Date "2024.11.01"]
[Round "1.2"]
[White "Sharan, Rao"]
[Black "Verhoeven, Robin"]
[Result "1-0"]
[ECO "A06"]
[WhiteElo "2401"]
[BlackElo "2080"]
[Annotator "RC"]
[PlyCount "115"]
[EventDate "2024.10.31"]
[EventType "swiss"]
[EventCountry "NED"]
[SourceTitle "playchess.com"]
[Source "ChessBase"]
[SourceQuality "1"]
[TimeControl "5400+30"]

1. Nf3 d5 2. b3 Nf6 3. Bb2 c5 4. e3 Nc6 5. Be2 e6 6. O-O Bd6 7. d4 Qc7 8. dxc5 Bxc5 9. c4 dxc4 10. Bxc4 a6 11. Nbd2 b5 12. Be2 Bb7 13. Rc1 Qb6 14. Bxf6 gxf6 15. Ne4 Be7 16. Nd6+ Bxd6 17. Qxd6 Rd8 18. Qf4 Ke7 19. Rc2 Rhg8 20. Rfc1 Rd7 21. Bf1 Nb8 22. Nd4 Qd6 23. Qh4 Qd5 24. f3 Qg5 25. Qf2 Rgd8 26. b4 Bd5 27. Rc5 e5 28. f4 Qg6 29. Nf3 Qf5 30. fxe5 fxe5 31. e4 Qxe4 32. Re1 Qxb4 33. Nxe5 Be6 34. Nxd7 Nxd7 35. Rf5 Rf8 36. Rf4 Qc5 37. Rd4 Nf6 38. Red1 Qe5 39. h3 Rg8 40. Rf4 Nd5 41. Rxf7+ Bxf7 42. Re1 Qxe1 43. Qxe1+ Kd6 44. Qf2 Be6 45. Qa7 Nc7 46. Qb6+ Kd7 47. Bd3 Bxh3 48. Be4 Be6 49. Bc6+ Kd8 50. Qb8+ Bc8 51. Qb6 Be6 52. Bb7 Rg7 53. Bxa6 Bc4 54. a4 Rg6 55. Qb8+ Kd7 56. Bc8+ Kc6 57. Qb7+ Kd6 58. Qb6+ 1-0

[Event "Amsterdam Chess Open 2024"]
[Site "Amsterdam"]
[Date "2024.11.01"]
[Round "1.3"]
[White "Blomstrom, Lars"]
[Black "Lahaye, Rick"]
[Result "1/2-1/2"]
[ECO "B23"]
[WhiteElo "2077"]
[BlackElo "2400"]
[Annotator "TA"]
[PlyCount "57"]
[EventDate "2024.10.31"]
[EventType "swiss"]
[EventCountry "NED"]
[SourceTitle "playchess.com"]
[Source "ChessBase"]
[SourceQuality "1"]
[TimeControl "5400+30"]

1. e4 c5 2. Nc3 a6 3. f4 b5 4. Nf3 Bb7 5. d3 e6 6. g3 d5 7. e5 h5 8. d4 {[%emt 0:05:02] Black has an edge.} Nh6 9. Ne2 Nc6 10. Be3 Rc8 11. h3 Nf5 12. Bf2 g5 13. c3 gxf4 14. gxf4 cxd4 15. Nexd4 Ncxd4 16. Nxd4 Nxd4 17. cxd4 (17. Qxd4 $2 {too greedy.} Bc5 18. Qd2 Bxf2+ 19. Qxf2 d4 $19) 17... Bb4+ 18. Ke2 Qc7 (18... Kd7 $11) 19. Kf3 Qc2 20. Qxc2 Rxc2 {[%emt 0:00:03] [#]} 21. Rb1 Rg8 22. Bd3 Rd2 23. Rhd1 (23. Be2 {seems wilder.} h4 24. Rhc1 Kd7 25. Rg1) 23... Rxd1 $1 24. Rxd1 Be7 {[%emt 0:00:22] Prevents Bh4} 25. Rg1 Rxg1 26. Bxg1 Kf8 27. Bf2 Kg7 28. Be1 f5 29. Ke3 {[%emt 0:04:46] Weighted Error Value: White=0.11 (very precise) /Black=0.15 (very precise) .  Mistake:       	---       	Black=1      Inaccurate:     	White=2     	Black=3      OK:         	White=5     	Black=8      Best:        	White=1     	Black=1      Strong:       	---       	Black=1} 1/2-1/2

[Event "Amsterdam Chess Open 2024"]
[Site "Amsterdam"]
[Date "2024.11.01"]
[Round "1.4"]
[White "Bagrationi, Alexander"]
[Black "Van der Werf, Joel"]
[Result "1-0"]
[ECO "D38"]
[WhiteElo "2391"]
[BlackElo "2075"]
[Annotator "TA"]
[PlyCount "79"]
[EventDate "2024.10.31"]
[EventType "swiss"]
[EventCountry "NED"]
[SourceTitle "playchess.com"]
[Source "ChessBase"]
[SourceQuality "1"]
[TimeControl "5400+30"]

1. d4 Nf6 2. c4 e6 3. Nf3 d5 4. Nc3 Bb4 5. Qb3 c5 6. cxd5 Qxd5 {[%emt 0:07:33] [#]} (6... exd5 $11 7. dxc5 Nc6) 7. Qxb4 $1 $14 cxb4 8. Nxd5 {[%emt 0:00:05] White is slightly better.} Nxd5 9. e4 Nf6 10. Bd3 Nc6 11. Be3 O-O 12. Ne5 Nxe5 13. dxe5 Nd7 14. f4 Rd8 15. O-O-O Nb8 {[%emt 0:13:50] Black is weak on the dark squares} 16. Bb5 {[%emt 0:08:32][%cal Rd1d8] [#]} Bd7 17. Bxd7 Nxd7 18. Kb1 Kf8 19. Rd4 a5 20. Rc1 Ke8 21. Rc7 b6 22. Rd6 Rab8 23. Bf2 {[%emt 0:04:35] Bh4 would now be deadly. White is much more active.} Nc5 24. Bxc5 bxc5 25. Rxc5 $16 {[%emt 0:00:11][%mdl 4096] Endgame. KRR-KRR} a4 26. Kc1 Rbc8 (26... b3 $142 27. a3 Rbc8 28. Rxd8+ Rxd8) 27. Rxd8+ Rxd8 {[%emt 0:02:45] KR-KR} 28. Rc4 {[%emt 0:00:12] Prevents Rd4} b3 29. a3 ({But not} 29. Rxa4 $6 bxa2 30. Rxa2 Rd4 $11) (29. g3 $16) 29... h5 30. g3 ({Don't play} 30. Rxa4 $6 Rc8+ 31. Kb1 Rd8 $11) 30... Ke7 31. Rxa4 Rc8+ 32. Kb1 {[%emt 0:00:25] Black must now prevent Rb4.} Rc2 $2 {[%emt 0:00:38][%mdl 8192] Loses the game.} (32... Rd8 $16 33. Kc1 Rc8+ 34. Kd1 Rc2) 33. Rb4 $18 Rxh2 34. Rxb3 h4 35. gxh4 Rxh4 36. Rb7+ Ke8 37. a4 {[%emt 0:00:21][%cal Ba3a4,Ba4a5,Ba5a6][%mdl 32] a5 is the strong threat.} Rxf4 38. a5 {[%emt 0:00:08] Threatens to win with a6.} Kd8 39. a6 Kc8 40. Rb4 {[%emt 0:00:12] Weighted Error Value: White=0.07 (flawless) /Black=0.56.  Loses game:     	---       	Black=1      Mistake:       	White=1     	Black=2      Inaccurate:     	White=1     	Black=6      OK:         	White=16    	Black=6      Best:        	White=4     	Black=2      Brilliant:      	White=1     	---} 1-0

[Event "Amsterdam Chess Open 2024"]
[Site "Amsterdam"]
[Date "2024.11.01"]
[Round "1.5"]
[White "Margaryan, Artur"]
[Black "Grutter, Tim"]
[Result "0-1"]
[ECO "A65"]
[WhiteElo "2068"]
[BlackElo "2350"]
[Annotator "RC"]
[PlyCount "98"]
[EventDate "2024.10.31"]
[EventType "swiss"]
[EventCountry "NED"]
[SourceTitle "playchess.com"]
[Source "ChessBase"]
[SourceQuality "1"]
[TimeControl "5400+30"]

1. d4 Nf6 2. c4 g6 3. Nc3 Bg7 4. e4 d6 5. f3 O-O 6. Bg5 c5 7. d5 h6 8. Be3 e6 9. Qd2 exd5 10. cxd5 Kh7 11. Nge2 a6 12. a4 Nbd7 13. Ng3 Qa5 14. Ra3 Qc7 15. Be2 c4 16. O-O Rb8 17. Rc1 b5 18. axb5 axb5 19. b4 Ne8 20. Ra5 Bxc3 21. Rxc3 h5 22. h3 Qd8 23. Bd1 Nc5 24. Bc2 Bd7 25. Rca3 Na4 26. Kh2 Nc7 27. f4 h4 28. Ne2 Ra8 29. Rxa8 Nxa8 30. Qe1 N8b6 31. Bf2 f5 32. Bxh4 Qe8 33. Bg5 Kg8 34. Ng3 c3 35. Qd1 Nc4 36. Rxa4 bxa4 37. Qd4 Na3 38. Bd3 Nb5 39. Qb6 a3 40. exf5 a2 41. Bxb5 a1=Q 42. Bd3 Bxf5 43. Nxf5 gxf5 44. Qxd6 Qd1 45. Bc4 c2 46. Qc7 c1=Q 47. d6+ Rf7 48. d7 Qg1+ 49. Kg3 Qce1+ 0-1

[Event "Amsterdam Chess Open 2024"]
[Site "Amsterdam"]
[Date "2024.11.01"]
[Round "1.6"]
[White "Ragnarsson, Dagur"]
[Black "Bruns, Kai-Christian"]
[Result "0-1"]
[ECO "D52"]
[WhiteElo "2346"]
[BlackElo "2067"]
[Annotator "RC"]
[PlyCount "128"]
[EventDate "2024.10.31"]
[EventType "swiss"]
[EventCountry "NED"]
[SourceTitle "playchess.com"]
[Source "ChessBase"]
[SourceQuality "1"]
[TimeControl "5400+30"]

1. Nf3 d5 2. d4 Nf6 3. c4 c6 4. Nc3 e6 5. Bg5 Nbd7 6. e3 Qa5 7. cxd5 Nxd5 8. Rc1 Nxc3 9. bxc3 Ba3 10. Rc2 b6 11. Be2 Ba6 12. O-O Bxe2 13. Rxe2 O-O 14. e4 Rfe8 15. e5 Qxc3 16. Rc2 Qa5 17. Rxc6 Rac8 18. Qc2 Rxc6 19. Qxc6 Qd5 20. Qa4 Bf8 21. Rc1 a5 22. Rc7 b5 23. Qc2 h6 24. Be3 Nb6 25. Nd2 a4 26. Ne4 b4 27. Bxh6 Qxd4 28. g3 b3 29. axb3 axb3 30. Qb1 Ra8 31. Be3 Qxe5 32. Bf4 Qa1 33. Nd2 b2 34. Rc2 Qxb1+ 35. Nxb1 Ra1 36. Rxb2 Nc4 37. Rb8 Na3 38. Rxf8+ Kxf8 39. Bd6+ Ke8 40. Bxa3 Rxb1+ 41. Kg2 Rb3 42. Bc5 g5 43. Be3 f6 44. Bd4 Kf7 45. Bc5 f5 46. Bd6 Rb2 47. Be5 Re2 48. Bd4 e5 49. Kf3 Re4 50. Bb6 Rb4 51. Ba5 Rb3+ 52. Kg2 Kg6 53. Bc7 e4 54. Bd6 Rf3 55. Bc7 f4 56. h3 Kf5 57. Bd6 Rd3 58. Bc7 Rc3 59. Bb8 Rc2 60. Kf1 f3 61. g4+ Ke6 62. Kg1 Rc1+ 63. Kh2 e3 64. fxe3 f2 0-1

[Event "Amsterdam Chess Open 2024"]
[Site "Amsterdam"]
[Date "2024.11.01"]
[Round "1.7"]
[White "Cornelisse, Ticho"]
[Black "Brink, Barry"]
[Result "0-1"]
[ECO "E04"]
[WhiteElo "2064"]
[BlackElo "2342"]
[Annotator "RC"]
[PlyCount "42"]
[EventDate "2024.10.31"]
[EventType "swiss"]
[EventCountry "NED"]
[SourceTitle "playchess.com"]
[Source "ChessBase"]
[SourceQuality "1"]
[TimeControl "5400+30"]

1. d4 Nf6 2. g3 e6 3. Nf3 d5 4. c4 dxc4 5. Bg2 Nc6 6. O-O Rb8 7. a4 a6 8. Nc3 Be7 9. e4 O-O 10. d5 exd5 11. exd5 Nb4 12. Ne5 Bf5 13. Qf3 Qc8 14. Bf4 Rd8 15. Rad1 Bd6 16. Qe3 Re8 17. Rfe1 Nc2 18. Qd2 Nxe1 19. Rxe1 Bh3 20. Bh1 Qf5 21. Qd4 g5 0-1

[Event "Amsterdam Chess Open 2024"]
[Site "Amsterdam"]
[Date "2024.11.01"]
[Round "1.8"]
[White "Braun, Vitali"]
[Black "Bracke, Milan"]
[Result "1-0"]
[ECO "D35"]
[WhiteElo "2339"]
[BlackElo "2063"]
[Annotator "RC"]
[PlyCount "65"]
[EventDate "2024.10.31"]
[EventType "swiss"]
[EventCountry "NED"]
[SourceTitle "playchess.com"]
[Source "ChessBase"]
[SourceQuality "1"]
[TimeControl "5400+30"]

1. d4 d5 2. c4 e6 3. Nc3 Nf6 4. cxd5 exd5 5. Bg5 c6 6. e3 h6 7. Bh4 Be7 8. Bd3 O-O 9. Nge2 Ne8 10. Bg3 Nd6 11. Qc2 Re8 12. O-O Bf8 13. b4 Nd7 14. b5 Nb6 15. a4 Nbc4 16. Nc1 Bd7 17. bxc6 bxc6 18. Nb3 h5 19. Nc5 Qe7 20. Rfe1 Be6 21. f3 Qg5 22. Qf2 Be7 23. h4 Qh6 24. Bf4 g5 25. hxg5 Bxg5 26. Qg3 f6 27. Nxe6 Rxe6 28. Bxd6 h4 29. Qg4 f5 30. Bxf5 Rxe3 31. Bf4 Rxc3 32. Bxg5 Qg7 33. Be6+ 1-0

[Event "Amsterdam Chess Open 2024"]
[Site "Amsterdam"]
[Date "2024.11.01"]
[Round "1.9"]
[White "Groenewoud, Joel"]
[Black "Kazarian, Anna-Maja"]
[Result "0-1"]
[ECO "C02"]
[WhiteElo "2023"]
[BlackElo "2178"]
[Annotator "RC"]
[PlyCount "84"]
[EventDate "2024.10.31"]
[EventType "swiss"]
[EventCountry "NED"]
[SourceTitle "playchess.com"]
[Source "ChessBase"]
[SourceQuality "1"]
[TimeControl "5400+30"]

1. e4 e6 2. d4 d5 3. e5 c5 4. c3 Bd7 5. Nf3 Nc6 6. Be2 Nge7 7. O-O Nf5 8. Bd3 cxd4 9. Bxf5 exf5 10. cxd4 Qb6 11. Nc3 Be6 12. a3 Be7 13. b4 Rc8 14. Qd3 h6 15. h4 Qd8 16. h5 g5 17. hxg6 fxg6 18. Bd2 g5 19. Rac1 Kf7 20. Na4 b6 21. Rc2 g4 22. Nh2 Qd7 23. Nb2 f4 24. Re1 Bf5 25. Qf1 Nxd4 26. Rxc8 Rxc8 27. Bxf4 Rc2 28. Nd1 Ne6 29. Bg3 Rd2 30. Kh1 h5 31. f3 Bd3 32. Qg1 d4 33. fxg4 h4 34. Bf2 h3 35. Nf3 Ra2 36. Qh2 Be2 37. Rxe2 Rxe2 38. Qxh3 Qa4 39. Qh5+ Kg7 40. Qf5 Qxd1+ 41. Kh2 Rxf2 42. Qxe6 Qxf3 0-1

[Event "Amsterdam Chess Open 2024"]
[Site "Amsterdam"]
[Date "2024.11.01"]
[Round "1.10"]
[White "Saine, Zachary"]
[Black "Stolwijk, Colin"]
[Result "0-1"]
[ECO "B12"]
[WhiteElo "2038"]
[BlackElo "2230"]
[Annotator "RC"]
[PlyCount "78"]
[EventDate "2024.10.31"]
[EventType "swiss"]
[EventCountry "NED"]
[SourceTitle "playchess.com"]
[Source "ChessBase"]
[SourceQuality "1"]
[TimeControl "5400+30"]

1. e4 c6 2. d4 d5 3. f3 e6 4. Be3 dxe4 5. Nd2 exf3 6. Ngxf3 Nf6 7. Bd3 Nd5 8. Qe2 Nd7 9. O-O-O Qa5 10. Kb1 b5 11. Ne4 Nb4 12. a3 Nxd3 13. Qxd3 b4 14. axb4 Bxb4 15. h4 Ba6 16. c4 Be7 17. Bf4 Qf5 18. Nd6+ Bxd6 19. Qxf5 exf5 20. Rhe1+ Kd8 21. Bxd6 Bxc4 22. Re7 Re8 23. Rde1 Rxe7 24. Rxe7 h6 25. h5 Bd5 26. Ne5 Nxe5 27. dxe5 c5 28. Kc2 a5 29. Rc7 c4 30. Kc3 a4 31. Kd4 Ra5 32. Rc5 Rxc5 33. Bxc5 Bxg2 34. Bf8 f4 35. Bxg7 f3 36. Ke3 c3 37. e6 c2 38. Kd2 f2 39. exf7 c1=Q+ 0-1

[Event "Amsterdam Chess Open 2024"]
[Site "Amsterdam"]
[Date "2024.11.01"]
[Round "1.11"]
[White "Pasti, Fabio"]
[Black "Wuijts, Johan"]
[Result "1-0"]
[ECO "C11"]
[WhiteElo "1881"]
[BlackElo "1994"]
[Annotator "RC"]
[PlyCount "55"]
[EventDate "2024.10.31"]
[EventType "swiss"]
[EventCountry "NED"]
[SourceTitle "playchess.com"]
[Source "ChessBase"]
[SourceQuality "1"]
[TimeControl "5400+30"]

1. e4 e6 2. Nf3 d5 3. Nc3 Nf6 4. e5 Nfd7 5. d4 Be7 6. Bf4 c5 7. dxc5 Nxc5 8. Nd4 a6 9. Qg4 g5 10. Be3 h5 11. Qg3 Nc6 12. Nxc6 bxc6 13. h4 g4 14. Be2 Rb8 15. b3 Nd7 16. Bd2 Qc7 17. Bf4 c5 18. Nxd5 Qc6 19. Nxe7 Kxe7 20. O-O Rb4 21. c3 Rxf4 22. Qxf4 Bb7 23. f3 Rg8 24. Rad1 Qc7 25. Rxd7+ Qxd7 26. fxg4 Ke8 27. g5 f5 28. exf6 1-0

[Event "Amsterdam Chess Open 2024"]
[Site "Amsterdam"]
[Date "2024.11.01"]
[Round "1.12"]
[White "Baarslag, Ed"]
[Black "Pijlman, Rene"]
[Result "1-0"]
[ECO "A32"]
[WhiteElo "1993"]
[BlackElo "1881"]
[Annotator "RC"]
[PlyCount "33"]
[EventDate "2024.10.31"]
[EventType "swiss"]
[EventCountry "NED"]
[SourceTitle "playchess.com"]
[Source "ChessBase"]
[SourceQuality "1"]
[TimeControl "5400+30"]

1. Nf3 c5 2. c4 Nf6 3. d4 e6 4. Nc3 cxd4 5. Nxd4 a6 6. a3 d5 7. cxd5 Nxd5 8. Bd2 Bc5 9. Nb3 Ba7 10. e4 Ne7 11. Bg5 Qxd1+ 12. Rxd1 Nbc6 13. Be2 O-O 14. O-O Ng6 15. Kh1 h6 16. Bc1 e5 17. Be3 1-0

[Event "Amsterdam Chess Open 2024"]
[Site "Amsterdam"]
[Date "2024.11.01"]
[Round "1.13"]
[White "Timar, Yannick"]
[Black "Koelewijn, Alex"]
[Result "1-0"]
[ECO "C01"]
[WhiteElo "1881"]
[BlackElo "1985"]
[Annotator "RC"]
[PlyCount "47"]
[EventDate "2024.10.31"]
[EventType "swiss"]
[EventCountry "NED"]
[SourceTitle "playchess.com"]
[Source "ChessBase"]
[SourceQuality "1"]
[TimeControl "5400+30"]

1. e4 e6 2. d4 d5 3. exd5 exd5 4. Nf3 Bd6 5. h3 Ne7 6. c4 c6 7. Bd3 dxc4 8. Bxc4 O-O 9. O-O Bf5 10. Nc3 b5 11. Bd3 Bg6 12. Bg5 f6 13. Be3 b4 14. Ne4 Nd5 15. Nh4 f5 16. Bg5 Be7 17. Bxe7 Nxe7 18. Nxg6 Nxg6 19. Nc5 Qd5 20. Rc1 Kh8 21. Bc4 Qd6 22. Ne6 Rf6 23. Ng5 Qf8 24. Nxh7 1-0

[Event "Amsterdam Chess Open 2024"]
[Site "Amsterdam"]
[Date "2024.11.01"]
[Round "1.14"]
[White "Schoonackers, Jeroen"]
[Black "Damen, Josephine"]
[Result "1-0"]
[ECO "E92"]
[WhiteElo "1983"]
[BlackElo "1880"]
[Annotator "RC"]
[PlyCount "91"]
[EventDate "2024.10.31"]
[EventType "swiss"]
[EventCountry "NED"]
[SourceTitle "playchess.com"]
[Source "ChessBase"]
[SourceQuality "1"]
[TimeControl "5400+30"]

1. d4 Nf6 2. c4 g6 3. Nc3 Bg7 4. e4 d6 5. Nf3 O-O 6. Be2 e5 7. Be3 Nc6 8. d5 Ne7 9. Nd2 Nd7 10. b4 f5 11. f3 Nf6 12. c5 Nh5 13. cxd6 cxd6 14. O-O Rf6 15. Rc1 g5 16. Nb5 Bd7 17. Nc7 Rc8 18. Ne6 Bxe6 19. dxe6 Nf4 20. Rxc8 Qxc8 21. Bc4 Kh8 22. Qb1 fxe4 23. fxe4 a6 24. a4 b5 25. axb5 axb5 26. Bxb5 Qxe6 27. Qd1 Neg6 28. Bc4 Qc8 29. Kh1 h6 30. b5 d5 31. exd5 Qb7 32. Ne4 Nxd5 33. Nxf6 Nxe3 34. Qd8+ Bf8 35. Bd5 Qxb5 36. Rc1 Qb2 37. Qc7 Ne7 38. Be4 Qa3 39. Qc3 Qd6 40. Qxe3 Qxf6 41. Bd3 Nd5 42. Qe4 Qf7 43. Rf1 Nf4 44. g3 Qe7 45. gxf4 gxf4 46. Rb1 1-0

[Event "Amsterdam Chess Open 2024"]
[Site "Amsterdam"]
[Date "2024.11.01"]
[Round "1.15"]
[White "Garau, Francesca"]
[Black "Fasel, Ton"]
[Result "1-0"]
[ECO "B15"]
[WhiteElo "1879"]
[BlackElo "1981"]
[Annotator "RC"]
[PlyCount "111"]
[EventDate "2024.10.31"]
[EventType "swiss"]
[EventCountry "NED"]
[SourceTitle "playchess.com"]
[Source "ChessBase"]
[SourceQuality "1"]
[TimeControl "5400+30"]

1. e4 c6 2. d4 d5 3. Nd2 dxe4 4. Nxe4 Nf6 5. Nxf6+ exf6 6. Bc4 Bd6 7. Nf3 O-O 8. O-O Bg4 9. h3 Bh5 10. Re1 Nd7 11. c3 Nb6 12. Bd3 Re8 13. Rxe8+ Qxe8 14. c4 Bc7 15. b3 Qd7 16. Bb2 Re8 17. Bc2 Bb8 18. Qd3 Bg6 19. Qd2 Bxc2 20. Qxc2 Nc8 21. Re1 Nd6 22. Rxe8+ Qxe8 23. Kf1 h6 24. Qe2 Qd7 25. Nd2 f5 26. d5 Ne8 27. dxc6 bxc6 28. Nf3 f6 29. Nd4 Be5 30. Nf3 Bxb2 31. Qxb2 Qd1+ 32. Ne1 Kf7 33. Qe2 Qd7 34. Qd3 Qe6 35. Nc2 Nd6 36. Nd4 Qe5 37. f3 Qc5 38. Qe3 a5 39. Qe6+ Kg6 40. Ne2 Qe5 41. Qxe5 fxe5 42. g3 a4 43. Nc3 axb3 44. axb3 Kf6 45. Ke2 g5 46. Kd3 h5 47. g4 e4+ 48. fxe4 fxg4 49. hxg4 h4 50. Kd4 Nf7 51. Nd1 h3 52. Nf2 h2 53. b4 Ne5 54. b5 cxb5 55. cxb5 Nxg4 56. Nxg4+ 1-0

[Event "Amsterdam Chess Open 2024"]
[Site "Amsterdam"]
[Date "2024.11.01"]
[Round "1.16"]
[White "Ophardt, Paul"]
[Black "Winnubst, Paul"]
[Result "0-1"]
[ECO "D35"]
[WhiteElo "1981"]
[BlackElo "1876"]
[Annotator "RC"]
[PlyCount "88"]
[EventDate "2024.10.31"]
[EventType "swiss"]
[EventCountry "NED"]
[SourceTitle "playchess.com"]
[Source "ChessBase"]
[SourceQuality "1"]
[TimeControl "5400+30"]

1. d4 Nf6 2. c4 e6 3. Nc3 Bb4 4. Qc2 d5 5. cxd5 exd5 6. Bg5 c6 7. e3 O-O 8. Bd3 h6 9. Bh4 Re8 10. Nge2 Nbd7 11. O-O a5 12. h3 Be7 13. a4 Nb8 14. f3 Na6 15. Na2 Nh5 16. Bf2 Bh4 17. e4 Bxf2+ 18. Rxf2 Qg5 19. f4 Qh4 20. e5 Nc7 21. f5 Ng3 22. Nxg3 Qxg3 23. Raf1 Qe3 24. Qc3 c5 25. dxc5 Qxe5 26. Re2 Qxc3 27. Rxe8+ Nxe8 28. Nxc3 Nf6 29. Rd1 Bd7 30. Bc2 Bc6 31. Bb3 Rd8 32. Rd4 Kf8 33. Kf2 Nd7 34. Bxd5 Nxc5 35. Ke3 Bxd5 36. Rxd5 Rxd5 37. Nxd5 Nxa4 38. b4 axb4 39. Nxb4 Ke7 40. Nd5+ Kd6 41. Kd4 Nc5 42. g4 Nb3+ 43. Ke4 Nd2+ 44. Kd4 Nf3+ 0-1

[Event "Amsterdam Chess Open 2024"]
[Site "Amsterdam"]
[Date "2024.11.01"]
[Round "1.17"]
[White "Migliorero, Lorenzo"]
[Black "Heij, Jacco"]
[Result "0-1"]
[ECO "C78"]
[WhiteElo "1874"]
[BlackElo "1979"]
[Annotator "RC"]
[PlyCount "64"]
[EventDate "2024.10.31"]
[EventType "swiss"]
[EventCountry "NED"]
[SourceTitle "playchess.com"]
[Source "ChessBase"]
[SourceQuality "1"]
[TimeControl "5400+30"]

1. e4 e5 2. Nf3 Nc6 3. Bb5 a6 4. Ba4 Nf6 5. d3 b5 6. Bb3 Bc5 7. O-O d6 8. c3 O-O 9. Nbd2 h6 10. a4 Bb7 11. h3 Bb6 12. Re1 Na5 13. Bc2 c5 14. Nf1 Re8 15. Ng3 Nc6 16. axb5 axb5 17. Rxa8 Bxa8 18. Be3 Qc7 19. Nf5 Ne7 20. Nxe7+ Rxe7 21. Nh4 d5 22. Nf5 Re8 23. Qf3 Qc6 24. Qg3 Nh5 25. Qg4 dxe4 26. Qxh5 g6 27. Nxh6+ Kh7 28. Qg4 f5 29. Qg5 Bd8 30. Qg3 f4 31. Bxf4 exf4 32. Qxf4 exd3 0-1

[Event "Amsterdam Chess Open 2024"]
[Site "Amsterdam"]
[Date "2024.11.01"]
[Round "1.18"]
[White "Arp, Frans"]
[Black "Harkanyi, Adam"]
[Result "1/2-1/2"]
[ECO "B73"]
[WhiteElo "1975"]
[BlackElo "1872"]
[Annotator "RC"]
[PlyCount "159"]
[EventDate "2024.10.31"]
[EventType "swiss"]
[EventCountry "NED"]
[SourceTitle "playchess.com"]
[Source "ChessBase"]
[SourceQuality "1"]
[TimeControl "5400+30"]

1. e4 c5 2. Nf3 d6 3. d4 cxd4 4. Nxd4 Nf6 5. Nc3 g6 6. Be2 Bg7 7. Be3 Nc6 8. O-O O-O 9. Kh1 a6 10. f4 Bd7 11. Nxc6 Bxc6 12. Bf3 Nd7 13. Qd2 Re8 14. Rad1 Rc8 15. e5 Bxf3 16. Rxf3 Qa5 17. Qf2 Nc5 18. Bxc5 Qxc5 19. Qxc5 Rxc5 20. exd6 exd6 21. g3 Bxc3 22. bxc3 Re2 23. a4 Rc4 24. Rd4 Rxd4 25. cxd4 Rxc2 26. Rb3 Rc4 27. Rxb7 Rxa4 28. Rb6 Rxd4 29. Rxa6 Rd2 30. g4 d5 31. Ra8+ Kg7 32. g5 d4 33. Rd8 d3 34. Kg1 Rd1+ 35. Kg2 h6 36. h3 Rd2+ 37. Kg1 h5 38. h4 Rd1+ 39. Kg2 d2 40. Kh2 Rf1 41. Rxd2 Rxf4 42. Kh3 Kf8 43. Rd7 Ke8 44. Ra7 Rd4 45. Kg3 Rd7 46. Ra6 Ke7 47. Rf6 Rd3+ 48. Kg2 Rd6 49. Rf4 f6 50. gxf6+ Rxf6 51. Kf3 Rf5 52. Kg3 Ke6 53. Ra4 Rb5 54. Kf4 Rb3 55. Ra6+ Kf7 56. Ra7+ Kf6 57. Ra6+ Kg7 58. Ra4 Rh3 59. Ke5 Kh6 60. Rb4 Rg3 61. Ra4 Rg1 62. Rb4 Rf1 63. Ra4 Rf5+ 64. Ke4 Rf6 65. Ra5 Rb6 66. Kf3 Kg7 67. Kg3 Kf6 68. Ra3 Rb5 69. Ra6+ Kf5 70. Ra3 Rc5 71. Rb3 g5 72. hxg5 Kxg5 73. Kh3 h4 74. Ra3 Kh5 75. Rb3 Rd5 76. Ra3 Kg5 77. Rb3 Rd4 78. Rb5+ Kg6 79. Ra5 Rc4 80. Ra1 1/2-1/2

[Event "Amsterdam Chess Open 2024"]
[Site "Amsterdam"]
[Date "2024.11.01"]
[Round "1.19"]
[White "Leentjens, Gilbert"]
[Black "Ahmed Wagdy"]
[Result "1-0"]
[ECO "B20"]
[WhiteElo "1872"]
[BlackElo "1973"]
[Annotator "RC"]
[PlyCount "83"]
[EventDate "2024.10.31"]
[EventType "swiss"]
[EventCountry "NED"]
[SourceTitle "playchess.com"]
[Source "ChessBase"]
[SourceQuality "1"]
[TimeControl "5400+30"]

1. e4 c5 2. b4 cxb4 3. a3 Nc6 4. d4 d5 5. e5 Bf5 6. axb4 Nxb4 7. Na3 Rc8 8. Bb5+ Bd7 9. Rb1 e6 10. Qe2 a6 11. Bd3 Nxd3+ 12. Qxd3 Qa5+ 13. Qd2 Qxd2+ 14. Kxd2 b5 15. c3 f6 16. f4 h5 17. Nf3 Be7 18. Nc2 Nh6 19. Ra1 Ra8 20. Ba3 Ng4 21. Rhf1 fxe5 22. dxe5 Kf7 23. h3 Nh6 24. Bxe7 Kxe7 25. Ra5 Rhb8 26. Nfd4 Nf5 27. Nxf5+ exf5 28. Nb4 Kf7 29. Rfa1 Be6 30. Rxa6 Rxa6 31. Rxa6 Bc8 32. Ra7+ Rb7 33. Rxb7+ Bxb7 34. g3 Ke6 35. Ke3 g6 36. h4 Kd7 37. Kd4 Bc6 38. Kc5 Bb7 39. Kxb5 Ke6 40. Kc5 Ba8 41. Nc6 Bb7 42. Nd8+ 1-0